Map: King's Cove LE

Players

Elazer - Winner!

  • Race: Zerg Zerg
  • Spawn Location: 5:00

Marinelord

  • Race: Terran Terran
  • Spawn Location: 11:00

Event: 2019 WCS Spring

VOD

Have the link to the VOD?

Description

Time

  • Played on: May 18, 2019, 11:41 a.m.
  • Length: 5:40

All games in this series

Show
View Real Time Build Order
Export as new Build Order

Elazer Zerg - Winner!

Build Orders: Hatch First 

Get SALT Encoding   

  12  0:00  Drone  
  13  0:13  Overlord  
  13  0:17  Drone  
  14  0:31  Drone x2  
  16  0:49  Hatchery  
  15  0:52  Drone  
  15  0:56  Drone  
  17  0:59  Drone  
  18  1:10  Extractor  
  17  1:14  Spawning Pool  
  17  1:18  Drone  
  17  1:21  Drone  
  18  1:30  Drone  
  19  1:39  Drone  
  20  1:50  Drone  
  21  2:01  Queen x2  
  21  2:02  Zergling x4  
  27  2:16  Hatchery  
  27  2:21  Overlord  
  26  2:25  Drone  
  26  2:27  Drone  
  28  2:38  Metabolic Boost  
  28  2:41  Drone x2  
  28  2:42  Drone  
  31  2:49  Queen  
  33  2:54  Overlord  
  33  2:57  Drone  
  34  3:00  Drone  
  34  3:02  Drone  
  36  3:14  Drone x3  
  36  3:16  Drone x3  
  42  3:21  Overlord  
  42  3:26  Queen  
  44  3:39  Zergling x6  
  44  3:40  Queen  
  49  3:44  Drone x2  
  51  3:48  Lair  
  51  3:51  Overlord  
  51  3:55  Zergling x4  
  52  4:02  Zergling x8  
  56  4:09  Queen  
  59  4:10  Zergling x4  
  59  4:13  Overlord  
  60  4:18  Zergling x6  
  60  4:23  Zergling x4  
  65  4:31  Zergling x6  
  66  4:37  Zergling x14  
  71  4:46  Queen  
  71  4:47  Nydus Network  
  71  4:49  Zergling x4  
  73  5:01  Zergling x2  
  73  5:02  Zergling x2  
  71  5:07  Zergling x6  
  71  5:09  Zergling x2  
  71  5:13  Overlord  
  74  5:14  Overlord  
  74  5:20  Spore Crawler  
  72  5:25  Nydus Canal  
Show
View Real Time Build Order
Export as new Build Order

Marinelord Terran 

Build Orders: Gas First Reaper Expand, Hellion Banshee 

Get SALT Encoding   

  12  0:00  SCV  
  13  0:12  SCV  
  14  0:18  Supply Depot  
  14  0:24  SCV  
  15  0:29  Refinery  
  15  0:39  SCV  
  16  0:46  Barracks  
  16  0:51  SCV  
  17  1:04  SCV  
  18  1:16  SCV  
  19  1:32  Orbital Command  
  19  1:33  Reaper  
  20  1:44  Command Center  
  20  1:57  SCV  
  20  2:00  Factory  
  21  2:08  Barracks Reactor  
  21  2:10  SCV  
  21  2:15  Supply Depot  
  22  2:18  Refinery  
  22  2:23  SCV  
  24  2:37  SCV  
  24  2:49  SCV  
  25  2:52  Starport  
  25  2:55  Hellion x2  
  29  2:59  Orbital Command  
  29  3:03  SCV  
  30  3:05  Barracks Tech Lab  
  30  3:16  Hellion x2  
  30  3:19  SCV  
  35  3:27  SCV  
  35  3:33  SCV  
  37  3:34  Cloaking Field  
  37  3:36  Banshee  
  40  3:42  Supply Depot  
  40  3:44  SCV  
  40  3:45  SCV  
  42  3:56  SCV  
  42  3:57  SCV  
  42  3:58  Hellion  
  46  4:04  Hellion  
  46  4:08  SCV  
  46  4:09  SCV  
  50  4:10  Supply Depot  
  50  4:19  Banshee  
  50  4:20  SCV  
  54  4:27  SCV  
  52  4:32  SCV  
  54  4:39  SCV  
  54  4:44  Command Center, SCV  
  52  4:48  Supply Depot  
  52  4:51  SCV  
  53  4:56  Hellion x2, SCV  
  55  5:04  SCV  
  55  5:07  Command Center  
  55  5:09  SCV  
  56  5:16  SCV  
  56  5:18  Refinery  
  56  5:19  Refinery  
  56  5:21  SCV  
  58  5:28  SCV  
Tags
 
Add a new tag
Caveats
  • Supply blocks, unpowered buildings, or Contaminate may cause inaccurate times.
  • Supply counts are checked every 10 seconds.